 Dungeon Crawl Stone Soup version 0.25.1-1-g288607f5aa (webtiles) character file.

Game seed: 6394492431792371435

34750 Setanta the Blocker (level 13, -4/104 HPs)
             Began as a Gnoll Fighter on July 28, 2020.
             Was the Champion of Okawaru.
             Slain by a troll (5 damage)
             ... led by an orc knight
             ... while paralysed by an orc sorcerer
             ... on level 1 of the Orcish Mines.
             The game lasted 00:43:33 (18950 turns).

Setanta the Blocker (Gnoll Fighter)                Turns: 18950, Time: 00:43:34

Health: -4/104     AC:  6    Str: 23    XL:     13   Next: 79%
Magic:  25/25      EV:  2    Int: 11    God:    Okawaru [******]
Gold:   1386       SH:  0    Dex: 20    Spells: 29/29 levels left

rFire    + + .     SeeInvis .   a - +1 war axe
rCold    . . .     Gourm    .   c - +0 kite shield
rNeg     . . .     Faith    +   u - +1 leather armour "Tacur" {rElec rF- Str+5 Stlth+}
rPois    .         Spirit   .   b - +1 hat of the King of the Hill {Regen+}
rElec    +         Reflect  .   v - scarf {repulsion}
rCorr    .         Harm     .   y - +0 pair of gloves
MR       +....     NoCast   +   e - +1 pair of boots of Luimm {-Cast *Corrode rElec rF+++}
Stlth    +++++.....             j - amulet of faith
HPRegen  0.67/turn              A - ring of protection from magic
MPRegen  0.19/turn              J - +4 ring of slaying

@: paralysed, corroded, repel missiles
A: distributed training, fangs 1, strong nose
a: Heroism, Finesse, Renounce Religion


You were on level 1 of the Orcish Mines.
You worshipped Okawaru.
Okawaru was exalted by your worship.
You were not hungry.

You visited 4 branches of the dungeon, and saw 18 of its levels.
You also visited: Sewer and Ossuary.

You collected 1386 gold pieces.

Inventory:

Hand Weapons
 a - a +1 war axe (weapon)
 m - a +0 morningstar
 o - a +1 hand axe of flaming
 s - a +4 hunting sling of flaming
 N - a +1 flail of pain
Missiles
 I - a throwing net
 R - 21 boomerangs (quivered)
 X - 88 sling bullets
Armour
 b - the +1 hat of the King of the Hill (worn) {Regen+}
   (You acquired it on level 4 of the Lair of Beasts)

   It increases your rate of regeneration.
 c - a +0 kite shield (worn)
 e - the +1 pair of boots of Luimm (worn) {-Cast *Corrode rElec rF+++}
   (Okawaru gifted it to you on level 10 of the Dungeon)

   It renders you almost immune to fire.
   It insulates you from electricity.
   It prevents spellcasting.
   It may corrode you when you take damage.
 u - the +1 leather armour "Tacur" (worn) {rElec rF- Str+5 Stlth+}
   (You found it on level 8 of the Dungeon)

   It affects your strength (+5).
   It makes you vulnerable to fire.
   It insulates you from electricity.
   It makes you more stealthy.
 v - a scarf of repulsion (worn)
 y - a +0 pair of gloves (worn)
 D - the +2 cloak of the Lute {-Cast rF+ Int+5}
   (Okawaru gifted it to you on level 3 of the Lair of Beasts)

   It affects your intelligence (+5).
   It protects you from fire.
   It prevents spellcasting.
 K - a +1 leather armour of poison resistance
 M - a +0 scale mail
Jewellery
 j - an amulet of faith (around neck)
 k - an uncursed ring of positive energy
 A - a ring of protection from magic (left hand)
 J - a +4 ring of slaying (right hand)
Wands
 l - a wand of clouds (6)
 n - a wand of acid (7)
 L - a wand of iceblast (11)
 T - a wand of paralysis (7)
 Z - a wand of digging (3)
Scrolls
 d - 4 scrolls of blinking
 h - 10 scrolls of remove curse
 i - 5 scrolls of fog
 p - 4 scrolls of identify
 w - 2 scrolls of holy word
 x - 3 scrolls of magic mapping
 E - 3 scrolls of fear
 V - 4 scrolls of teleportation
 W - 2 scrolls of enchant weapon
Potions
 g - 5 potions of haste
 q - 5 potions of flight
 r - 2 potions of mutation {unknown}
 t - 10 potions of curing
 z - 5 potions of heal wounds
 B - 2 potions of berserk rage {unknown}
 C - 2 potions of brilliance
 H - a potion of invisibility
 P - 3 potions of might
Miscellaneous
 F - a tin of tremorstones (3/3)
Comestibles
 f - 26 rations
 G - 11 chunks of flesh


   Skills:
 + Level 10.7 Fighting
 + Level 8.6 Short Blades
 + Level 8.6 Long Blades
 + Level 9.8 Axes
 + Level 8.6 Maces & Flails
 + Level 8.6 Polearms
 + Level 8.6 Staves
 + Level 8.6 Slings
 + Level 8.6 Bows
 + Level 8.6 Crossbows
 + Level 8.6 Throwing
 + Level 10.7 Armour
 + Level 8.6 Dodging
 + Level 8.6 Stealth
 + Level 10.7 Shields
 + Level 8.6 Unarmed Combat
 + Level 8.6 Spellcasting
 + Level 7.2 Conjurations
 + Level 7.2 Hexes
 + Level 7.2 Charms
 + Level 7.2 Summonings
 + Level 7.2 Necromancy
 + Level 7.2 Translocations
 + Level 7.2 Transmutations
 + Level 7.2 Fire Magic
 + Level 7.2 Ice Magic
 + Level 7.2 Air Magic
 + Level 7.2 Earth Magic
 + Level 7.2 Poison Magic
 + Level 9.4 Invocations
 + Level 8.6 Evocations


You had 29 spell levels left.
You didn't know any spells.
Your spell library contained the following spells:

 Spells                   Type           Power        Failure   Level  Hunger
 Animate Skeleton         Necr           N/A          1%          1    None
 Apportation              Tloc           ###...       1%          1    None
 Corona                   Hex            ###....      1%          1    None
 Summon Butterflies       Summ           ###.....     1%          1    None
 Summon Small Mammal      Summ           ###.         1%          1    None
 Lesser Beckoning         Tloc           ###.......   4%          3    ##.....
 Tukima's Dance           Hex            ###.....     4%          3    ##.....
 Alistair's Intoxication  Tmut/Pois      ###.....     38%         5    ######.
 Invisibility             Hex            ###.....     92%         6    #######


Dungeon Overview and Level Annotations

Branches:
Dungeon (11/15)            Temple (1/1) D:6            Lair (5/6) D:8
 Shoals (0/4) Lair:2       Spider (0/4) Lair:2          Orc (1/2) D:11
  Sewer (visited)         Ossuary (visited)
  Slime: Lair:5-6

Altars:
Ashenzari
Cheibriados
Dithmenos
Elyvilon
Fedhas
Gozag
Hepliaklqana
Kikubaaqudgha
Makhleb
Nemelex Xobeh
Okawaru
Qazlal
Ru
Sif Muna
Trog
Uskayaw
Vehumet
Wu Jian
Xom
Yredelemnul
Zin
The Shining One


Innate Abilities, Weirdness & Mutations

Your experience applies equally to all skills.
You have very sharp teeth.
Your uncanny sense of smell can sniff out nearby items.


Message History

The troll bites you! The troll claws you. The troll claws you!
Your corrosive artefact corrodes you!
The orc knight hits you from afar with a +0 glaive!!
* * * LOW HITPOINT WARNING * * *
The orc warrior barely misses you. The troll bites you.
* * * LOW HITPOINT WARNING * * *
The troll claws you.
* * * LOW HITPOINT WARNING * * *
The troll claws you.
* * * LOW HITPOINT WARNING * * *
The orc knight roars a battlecry!
An orc priest comes into view. It is wielding a +0 trident.
The ynoxinul gestures.
The soul eater draws from the surrounding life force!
* * * LOW HITPOINT WARNING * * *
The troll bites you!
* * * LOW HITPOINT WARNING * * *
The troll claws you.
You die...

## .. ##.##
#....## #..$.##
# #...$.# ##
##.#..#..## ##.
#....o....###
#..
##(ooT@.....##
#.
#.#(oo#.#.....#
###
..(3o.T..###.##
####..
#.5o..o.##
##.#####.#...
..3.4((..
#....#....#..
...(()...#
##.......##..
.o#o5(....
###.#...#...
.#o..#....#
##......#..
.((..##....
##........#.


You could see an orc knight, a soul eater (summoned), 2 trolls, a ynoxinul
(summoned), an orc sorcerer (strong), a red devil (summoned), 3 orc warriors, 2
orc priests, 3 orcs and 2 ufetubi.

Vanquished Creatures
  Gastronok (Lair:3)
  An orc warlord (Orc:1)
  3 hydras
  A two-headed ogre (D:11)
  An orc sorcerer (Orc:1)
  3 elephants (Lair:2)
  2 black mambas (Lair:3)
  A gargoyle (D:11)
  A kobold demonologist (D:11)
  7 spiny frogs
  2 rime drakes
  3 komodo dragons
  3 trolls
  Grinder (Sewer)
  3 jumping spiders (Lair:2)
  17 blink frogs
  5 dream sheep (Lair:4)
  8 hippogriffs
  A redback (Lair:2)
  A vampire (D:10)
  26 yaks
  5 basilisks
  3 hungry ghosts
  3 vampire mosquitoes (D:11)
  An acid dragon (D:11)
  Edmund (D:6)
  5 water moccasins
  5 porcupines
  A sky beast (D:10)
  5 orc warriors
  2 ice beasts
  A phantom (D:11)
  8 centaurs
  7 ogres
  Purgy (D:3)
  23 wolves
  A necrophage (Sewer)
  7 crocodiles
  3 big kobolds
  Blork the orc (D:4)
  12 bullfrogs
  A wyvern zombie (D:10)
  3 scorpions
  6 killer bees (D:10)
  9 wights
  2 howler monkeys
  A bullfrog zombie (D:6)
  2 crimson imps
  2 quasits
  2 bullfrog skeletons (D:6)
  5 hounds
  2 centaur skeletons
  3 jellies
  7 orc priests
  3 iguanas
  16 orc wizards
  5 worker ants
  2 big kobold zombies (Sewer)
  2 hound zombies
  3 hound skeletons
  9 mummies
  A howler monkey zombie (D:7)
  14 adders
  3 shadow imps (Sewer)
  6 ufetubi (Sewer)
  4 oozes
  4 adder skeletons
  3 adder zombies
  2 worms
  2 dart slugs
  A leopard gecko (D:10)
  75 orcs
  5 ball pythons
  8 bats
  3 giant cockroaches
  2 gnoll zombies (Ossuary)
  7 goblins
  7 hobgoblins
  10 jackals
  33 kobolds
  6 quokkas
  6 frilled lizards
  2 hobgoblin zombies (Ossuary)
  A jackal zombie (D:6)
  4 kobold zombies
  2 leopard gecko zombies (D:6)
  An orc zombie (Ossuary)
  2 quokka zombies
  8 rats
  4 plants
497 creatures vanquished.

Vanquished Creatures (others)
  An orc priest (Orc:1)
  4 fungi
  4 plants
9 creatures vanquished.

Grand Total: 506 creatures vanquished

Notes
Turn   | Place    | Note
-------+----------+-------------------------------------------
     0 | D:1      | Setanta the Gnoll Fighter began the quest for the Orb.
     0 | D:1      | Reached XP level 1. HP: 23/23 MP: 1/1
    36 | D:1      | Reached XP level 2. HP: 23/29 MP: 2/2
   522 | D:1      | Reached XP level 3. HP: 35/35 MP: 3/3
   919 | D:2      | Reached skill level 1 in Invocations
  1087 | D:2      | Found a snail-covered altar of Cheibriados.
  1339 | D:2      | Reached skill level 1 in Short Blades
  1339 | D:2      | Reached skill level 1 in Long Blades
  1339 | D:2      | Reached skill level 1 in Maces & Flails
  1339 | D:2      | Reached skill level 1 in Polearms
  1339 | D:2      | Reached skill level 1 in Staves
  1339 | D:2      | Reached skill level 1 in Slings
  1339 | D:2      | Reached skill level 1 in Bows
  1339 | D:2      | Reached skill level 1 in Crossbows
  1339 | D:2      | Reached skill level 1 in Throwing
  1339 | D:2      | Reached skill level 1 in Dodging
  1339 | D:2      | Reached skill level 1 in Stealth
  1339 | D:2      | Reached skill level 1 in Unarmed Combat
  1339 | D:2      | Reached skill level 1 in Spellcasting
  1339 | D:2      | Reached skill level 1 in Evocations
  1339 | D:2      | Reached XP level 4. HP: 41/41 MP: 5/5
  1743 | D:3      | Reached skill level 1 in Conjurations
  1743 | D:3      | Reached skill level 1 in Hexes
  1743 | D:3      | Reached skill level 1 in Charms
  1743 | D:3      | Reached skill level 1 in Summonings
  1743 | D:3      | Reached skill level 1 in Necromancy
  1743 | D:3      | Reached skill level 1 in Translocations
  1743 | D:3      | Reached skill level 1 in Transmutations
  1743 | D:3      | Reached skill level 1 in Fire Magic
  1743 | D:3      | Reached skill level 1 in Ice Magic
  1743 | D:3      | Reached skill level 1 in Air Magic
  1743 | D:3      | Reached skill level 1 in Earth Magic
  1743 | D:3      | Reached skill level 1 in Poison Magic
  1912 | D:3      | Noticed Purgy
  1928 | D:3      | Killed Purgy
  1928 | D:3      | Reached XP level 5. HP: 38/47 MP: 5/7
  2325 | D:4      | Reached XP level 6. HP: 44/53 MP: 8/8
  2613 | D:4      | Reached skill level 5 in Axes
  2684 | D:4      | Found an iron altar of Okawaru.
  2686 | D:4      | Found a sacrificial altar of Ru.
  2698 | D:4      | Became a worshipper of Warmaster Okawaru
  2773 | D:4      | Noticed Blork the orc
  2796 | D:4      | Killed Blork the orc
  3231 | D:4      | Reached XP level 7. HP: 55/59 MP: 10/10
  3245 | D:4      | Reached * piety under Okawaru
  3705 | D:5      | Entered Level 5 of the Dungeon
  4009 | D:5      | You fall into a shaft and drop 1 floor!
  4009 | D:6      | Found a staircase to the Ecumenical Temple.
  4063 | D:6      | Found a glowing drain.
  4092 | Sewer    | Entered a sewer
  4374 | Sewer    | Reached XP level 8. HP: 62/67 MP: 12/12
  4403 | Sewer    | Found an ancient bone altar of Kikubaaqudgha.
  4422 | Sewer    | Reached ** piety under Okawaru
  4478 | Sewer    | Noticed Grinder
  4506 | Sewer    | Killed Grinder
  4717 | D:6      | Reached skill level 5 in Short Blades
  4717 | D:6      | Reached skill level 5 in Long Blades
  4717 | D:6      | Reached skill level 5 in Maces & Flails
  4717 | D:6      | Reached skill level 5 in Polearms
  4717 | D:6      | Reached skill level 5 in Staves
  4717 | D:6      | Reached skill level 5 in Slings
  4717 | D:6      | Reached skill level 5 in Bows
  4717 | D:6      | Reached skill level 5 in Crossbows
  4717 | D:6      | Reached skill level 5 in Throwing
  4717 | D:6      | Reached skill level 5 in Dodging
  4717 | D:6      | Reached skill level 5 in Stealth
  4717 | D:6      | Reached skill level 5 in Unarmed Combat
  4717 | D:6      | Reached skill level 5 in Spellcasting
  4717 | D:6      | Reached skill level 5 in Evocations
  4717 | D:6      | Reached XP level 9. HP: 71/75 MP: 13/17
  4797 | D:6      | Noticed Edmund
  4827 | D:6      | Killed Edmund
  5246 | Temple   | Entered the Ecumenical Temple
  5685 | D:7      | Reached *** piety under Okawaru
  6073 | D:7      | Found an opulent altar of Gozag.
  6205 | D:8      | Reached XP level 10. HP: 82/82 MP: 18/18
  6272 | D:8      | Identified the cursed +1 leather armour "Tacur" {rElec rF-
                  | Str+5 Stlth+} (You found it on level 8 of the Dungeon)
  6284 | D:8      | Found a hazy altar of Hepliaklqana.
  6448 | D:8      | Found a sand-covered staircase.
  6455 | Ossuary  | Entered an ossuary
  6617 | Ossuary  | Reached **** piety under Okawaru
  7926 | D:8      | Found a staircase to the Lair.
  7958 | D:8      | Received a gift from Okawaru
  8218 | Lair:1   | Entered Level 1 of the Lair of Beasts
  8236 | D:8      | Received a gift from Okawaru
  8239 | D:8      | Reached skill level 5 in Conjurations
  8239 | D:8      | Reached skill level 5 in Hexes
  8239 | D:8      | Reached skill level 5 in Charms
  8239 | D:8      | Reached skill level 5 in Summonings
  8239 | D:8      | Reached skill level 5 in Necromancy
  8239 | D:8      | Reached skill level 5 in Translocations
  8239 | D:8      | Reached skill level 5 in Transmutations
  8239 | D:8      | Reached skill level 5 in Fire Magic
  8239 | D:8      | Reached skill level 5 in Ice Magic
  8239 | D:8      | Reached skill level 5 in Air Magic
  8239 | D:8      | Reached skill level 5 in Earth Magic
  8239 | D:8      | Reached skill level 5 in Poison Magic
  8741 | Lair:1   | Noticed an eight-headed hydra
  8984 | D:9      | Reached ***** piety under Okawaru
  9227 | D:9      | Found a shattered altar of Ashenzari.
  9761 | D:9      | Reached XP level 11. HP: 87/89 MP: 20/20
  9969 | D:9      | Found a shimmering blue altar of Sif Muna.
 10019 | D:9      | Identified a scroll of acquirement
 10019 | D:9      | Acquired a +4 hunting sling of flaming
 10566 | Lair:1   | Killed an eight-headed hydra
 10831 | Lair:1   | Reached ****** piety under Okawaru
 10831 | Lair:1   | Received a gift from Okawaru
 11551 | Lair:2   | Received a gift from Okawaru
 11714 | Lair:2   | Found a staircase to the Shoals.
 11752 | Lair:2   | Found a hole to the Spider Nest.
 11950 | Lair:2   | Reached XP level 12. HP: 95/97 MP: 22/22
 12305 | Lair:2   | Received a gift from Okawaru
 13679 | Lair:3   | Noticed Gastronok
 13711 | Lair:3   | Received a gift from Okawaru
 13714 | Lair:3   | Killed Gastronok
 13714 | Lair:3   | Received a gift from Okawaru
 13714 | Lair:3   | Reached skill level 10 in Fighting
 13714 | Lair:3   | Reached skill level 10 in Armour
 13714 | Lair:3   | Reached skill level 10 in Shields
 14643 | Lair:3   | Received a gift from Okawaru
 14647 | Lair:3   | Got a faintly humming cloak {god gift}
 14658 | Lair:3   | Identified the +2 cloak of the Lute {-Cast rF+ Int+5}
                  | (Okawaru gifted it to you on level 3 of the Lair of Beasts)
 15454 | Lair:4   | Reached XP level 13. HP: 88/103 MP: 24/24
 15560 | Lair:4   | Acquired the +1 hat of the King of the Hill {Regen+}
 16875 | D:10     | Entered Level 10 of the Dungeon
 16969 | D:10     | Received a gift from Okawaru
 16972 | D:10     | Got a pair of ichor-stained boots {god gift}
 16978 | D:10     | Identified the +1 pair of boots of Luimm {-Cast *Corrode
                  | rElec rF+++} (Okawaru gifted it to you on level 10 of the
                  | Dungeon)
 18670 | D:11     | Found a staircase to the Orcish Mines.
 18763 | Orc:1    | Entered Level 1 of the Orcish Mines
 18774 | Orc:1    | Noticed an orc warlord
 18790 | Orc:1    | Killed an orc warlord
 18946 | Orc:1    | Paralysed by an orc sorcerer for 5 turns
 18950 | Orc:1    | HP: 1/104 [troll[an orc knight] (12)]
 18950 | Orc:1    | Slain by a troll

Illustrated notes

Levels and vault maps discovered:
D:1:      shiori_arrival_elements, layout_basic, minmay_pentomino_w4
D:2:      layout_basic, cheibriados_altar_1, minivault_11
D:3:      layout_basic, uniq_purgy
D:4:      minmay_clustersquares, layout_basic,
          chequers_temple_overflow_statue_of_worship, uniq_blork_the_orc
D:5:      layout_rooms, first_ration, uniq_ijyb
D:6:      layout_rooms, minmay_temple_entry_antechambers, serial_undead,
          serial_undead_c, serial_undead_f, serial_undead_f, serial_undead_d,
          cheibrodos_sewer_entry_sluice, uniq_edmund
D:7:      layout_basic, kennysheep_little_box, grunt_ogre_cave
D:8:      layout_cave_pools, david_lair_shrubbed, basic_altar,
          gup_ossuary_entry_pyramid
D:9:      layout_roguey, tgw_sif, evilmike_ruin_ashenzari,
          minmay_misc_feat_ornament, kennysheep_cluttered_room,
          kennysheep_generic_room_3
D:10:     layout_long_grid
D:11:     layout_loops_ring, hiddenorc2_lemuel, minmay_variable_closet
Temple:   minmay_temple_bridge_d
Lair:1:   layout_chaotic_city
Lair:2:   layout_cave_pods, minmay_shoals_entry_centaurs,
          nicolae_spider_entry_tight_spaces, lemuel_fruit_tree,
          lemuel_fruit_fields
Lair:3:   layout_gridlike, kennysheep_basilisk_garden, uniq_gastronok
Lair:4:   layout_cave_pods, grunt_megastairs_1
Lair:5:   layout_loops_ring
Orc:1:    layout_caves, serial_shops

Skill      XL: |  1  2  3  4  5  6  7  8  9 10 11 12 13 |
---------------+----------------------------------------+-----
Invocations    | 1 2 3 6 7 8 9 |  9.4
Short Blades   | 1 2 5 6 7 8 |  8.6
Long Blades    | 1 2 5 6 7 8 |  8.6
Maces & Flails | 1 2 5 6 7 8 |  8.6
Polearms       | 1 2 5 6 7 8 |  8.6
Staves         | 1 2 5 6 7 8 |  8.6
Slings         | 1 2 5 6 7 8 |  8.6
Bows           | 1 2 5 6 7 8 |  8.6
Crossbows      | 1 2 5 6 7 8 |  8.6
Throwing       | 1 2 5 6 7 8 |  8.6
Dodging        | 1 2 5 6 7 8 |  8.6
Stealth        | 1 2 5 6 7 8 |  8.6
Unarmed Combat | 1 2 5 6 7 8 |  8.6
Spellcasting   | 1 2 5 6 7 8 |  8.6
Evocations     | 1 2 5 6 7 8 |  8.6
Conjurations   | 1 2 4 5 6 7 |  7.2
Hexes          | 1 2 4 5 6 7 |  7.2
Charms         | 1 2 4 5 6 7 |  7.2
Summonings     | 1 2 4 5 6 7 |  7.2
Necromancy     | 1 2 4 5 6 7 |  7.2
Translocations | 1 2 4 5 6 7 |  7.2
Transmutations | 1 2 4 5 6 7 |  7.2
Fire Magic     | 1 2 4 5 6 7 |  7.2
Ice Magic      | 1 2 4 5 6 7 |  7.2
Air Magic      | 1 2 4 5 6 7 |  7.2
Earth Magic    | 1 2 4 5 6 7 |  7.2
Poison Magic   | 1 2 4 5 6 7 |  7.2
Axes           | 5 7 8 9 |  9.8
Fighting       | 7 8 9 10 | 10.7
Armour         | 7 8 9 10 | 10.7
Shields        | 7 8 9 10 | 10.7

Action                   |  1- 3 |  4- 6 |  7- 9 | 10-12 | 13-15 || total
-------------------------+-------+-------+-------+-------+-------++-------
Melee: War axe           |    93 |   154 |   257 |   425 |   266 ||  1195
       Bite              |     9 |    24 |    32 |    65 |    46 ||   176
       Hand axe          |       |       |       |     4 |       ||     4
 Fire: Hunting sling     |       |       |       |   278 |   177 ||   455
Throw: Throwing net      |       |       |       |     2 |       ||     2
       Boomerang         |       |       |       |     1 |    24 ||    25
Invok: Heroism           |       |       |     1 |     4 |     2 ||     7
       Finesse           |       |       |       |     2 |     1 ||     3
Evoke: Wand              |       |       |     1 |       |     3 ||     4
  Use: Potion            |       |     2 |     6 |     6 |       ||    14
       Scroll            |       |     2 |     4 |    23 |     2 ||    31
 Stab: Distracted        |       |       |     1 |       |       ||     1
       Sleeping          |       |       |     3 |     1 |     3 ||     7
       Held in net/web   |       |       |       |     2 |       ||     2
  Eat: Chunk             |     1 |     6 |     9 |    13 |     7 ||    36
       Ration            |       |       |     1 |     5 |     2 ||     8
Armor: Scale mail        |    52 |    66 |   131 |   108 |    32 ||   389
       Leather armour    |       |       |       |       |    16 ||    16
Dodge: Dodged            |    44 |    67 |   148 |   242 |   160 ||   661
       Repelled          |       |       |     4 |     5 |     3 ||    12
Block: Kite shield       |    82 |   100 |   202 |   319 |   216 ||   919
